 Dungeon Crawl Stone Soup version 0.19-a0-723-g16b73b3 (webtiles) character file.

175 TheGoonsmith the Chiller (level 5, 0/28 HPs)
             Began as a Deep Elf Ice Elementalist on June 21, 2016.
             Slain by Grinder (5 damage)
             ... on level 3 of the Dungeon.
             The game lasted 00:05:51 (2717 turns).

TheGoonsmith the Chiller (DEIE)                     Turns: 2717, Time: 00:05:52

Health: 0/28       AC: 10    Str:  5    XL:     5   Next: 29%
Magic:  14/22      EV: 13    Int: 20    God:
Gold:   236        SH:  0    Dex: 16    Spells: 3 memorised, 6 levels left

rFire  . . .     SeeInvis .     o - +0 dagger (venom)
rCold  . . .     Gourm    .     a - +0 robe
rNeg   . . .     Faith    .     (no shield)
rPois  .         Spirit   .     t - +0 helmet
rElec  .         Dismiss  .     (no cloak)
rCorr  .         Reflect  .     v - +0 pair of gloves
SustAt .         Harm     .     (no boots)
MR     +....                    (no amulet)
Stlth  ++........               r - ring of magical power
                                s - ring of protection from magic

@: icy armour, slow, somewhat resistant to hostile enchantments, unstealthy
A: no striking features
a: no special abilities


You were on level 3 of the Dungeon.
You were not hungry.

You visited 1 branch of the dungeon, and saw 3 of its levels.

You collected 236 gold pieces.

Inventory:

Hand Weapons
 e - a +0 club
 o - a +0 dagger of venom (weapon)
Armour
 a - a +0 robe (worn)
 t - a +0 helmet (worn)
 v - a +0 pair of gloves (worn)
Jewellery
 d - a +2 ring of protection
 j - an uncursed ring of stealth
 r - a ring of magical power (right hand)
 s - a ring of protection from magic (left hand)
Scrolls
 g - 2 scrolls of teleportation
 i - a scroll of enchant armour {unknown}
 k - a scroll of amnesia {unknown}
 u - a scroll of remove curse {unknown}
Potions
 f - 2 potions of heal wounds
 h - a potion of haste {unknown}
 l - a potion of brilliance {unknown}
 m - a potion of mutation {unknown}
 n - a potion of beneficial mutation {unknown}
 q - a potion of lignification {unknown}
 w - a potion of cure mutation {unknown}
Books
 b - a book of Frost

   Spells                             Type                      Level
   a - Freeze                         Ice                          1
   b - Throw Frost                    Conjuration/Ice              2
   c - Ozocubu's Armour               Charms/Ice                   3
   d - Throw Icicle                   Conjuration/Ice              4
   e - Summon Ice Beast               Ice/Summoning                4
Comestibles
 c - 4 bread rations
 p - 3 meat rations


   Skills:
 - Level 2.4 Dodging
 - Level 2.4 Stealth
 - Level 4.0 Spellcasting
 - Level 3.0 Conjurations
 + Level 1.5 Charms
 + Level 5.2 Ice Magic


You had 6 spell levels left.
You knew the following spells:

 Your Spells              Type           Power        Failure   Level  Hunger
a - Freeze                Ice            ####         1%          1    None
b - Throw Frost           Conj/Ice       ###...       3%          2    #......
A - Ozocubu's Armour      Chrm/Ice       ###.....     12%         3    ###....


Dungeon Overview and Level Annotations

Branches:
Dungeon (3/15)

Altars:
Ashenzari

Annotations:
D:3 Grinder


Message History

You resist with some effort.
You closely miss Grinder.
Grinder is moderately wounded.
Grinder hits you.
You writhe in agony. x2
You hit Grinder.
Grinder is moderately wounded.
Grinder gestures at you. You resist with almost no effort.
Your magical contamination has completely faded away.
You barely miss Grinder.
Grinder is moderately wounded.
Grinder gestures at you. Pain shoots through your body!
* * * LOW HITPOINT WARNING * * *
You hit Grinder.
Grinder looks even sicker.
Grinder is heavily wounded.
Grinder hits you.
* * * LOW HITPOINT WARNING * * *
You writhe in agony.
You die...

#.#))#
##########.#.)#
#.............#
#.########.#.)#
#.# #.#.)# #.#
#.#.)#### #.#
#.#...... #5#
..#..###. #@#
###..# #. #.#
..##...###. #.#
#...##.......
#.##.......#.###..
#.......5.... #.#.
####[..#.. ###.###
.## #.# # #
.###.### #.....#.


You could see Grinder.

Vanquished Creatures
  A hound (D:3)
  Robin (D:3)
  4 adders
  A worm (D:2)
  2 dart slugs (D:3)
  A giant gecko (D:2)
  6 orcs
  5 ball pythons
  3 giant cockroaches
  10 goblins
  12 hobgoblins
  7 jackals (D:1)
  5 bats
  4 giant newts
  10 kobolds
  9 rats
81 creatures vanquished.

Notes
Turn   | Place    | Note
--------------------------------------------------------------
     0 | D:1      | TheGoonsmith the Deep Elf Ice Elementalist began the quest for the Orb.
     0 | D:1      | Reached XP level 1. HP: 10/10 MP: 6/6
   115 | D:1      | Reached XP level 2. HP: 2/15 MP: 0/8
   433 | D:1      | Reached skill level 4 in Ice Magic
   505 | D:1      | Found a shattered altar of Ashenzari.
   969 | D:1      | Reached XP level 3. HP: 19/19 MP: 8/10
   979 | D:1      | Learned a level 2 spell: Throw Frost
   983 | D:1      | Learned a level 3 spell: Ozocubu's Armour
  1633 | D:2      | Reached skill level 5 in Ice Magic
  1633 | D:2      | Reached XP level 4. HP: 24/24 MP: 12/12
  1902 | D:3      | Noticed Robin
  2026 | D:3      | Killed Robin
  2395 | D:3      | Reached XP level 5. HP: 28/28 MP: 13/13
  2456 | D:3      | Reached skill level 1 in Charms
  2541 | D:3      | Noticed an ice beast
  2686 | D:3      | Noticed Grinder
  2717 | D:3      | Slain by Grinder

Vault maps used:
D:1:      minmay_arrival_four_circles, corexii_item_surrounded_by_moat,
          minivault_14, nicolae_ashenzari_panopticon
D:2:      first_bread
D:3:      uniq_grinder, uniq_robin

Skill      XL: |  1  2  3  4  5 |
---------------+----------------+-----
Ice Magic      | 4 5 |  5.2
Spellcasting   | 4 |  4.0
Conjurations   | 3 |  3.0
Charms         | 1 |  1.5
Dodging        | |  2.4
Stealth        | |  2.4

Action                   |  1- 3 |  4- 6 || total
-------------------------+-------+-------++-------
Melee: Club              |     9 |       ||     9
       Dagger            |     1 |    20 ||    21
 Cast: Freeze            |    64 |    38 ||   102
       Throw Frost       |     9 |    32 ||    41
       Ozocubu's Armour  |       |     1 ||     1
  Use: Scroll            |       |     3 ||     3
 Stab: Sleeping          |     1 |       ||     1
  Eat: Chunk             |     2 |     4 ||     6
Armor: Robe              |    13 |     9 ||    22
Dodge: Dodged            |    44 |    20 ||    64
